AoeStats
← kingike14

Arena

508044296Analyzed
4v4 RM · 11d ago on Sep 20, 2026· 46m 26s· 8 players
Game mode
Random Map
Map size
Large (8 player)
Population
200
Speed
Normal
Resources
Standard
Victory
Conquest
Starting age
Dark Age
Ending age
Imperial Age
RankedLock teamsTeams togetherTeam positionsShared explorationLock speedFull tech treeHidden civsTurbo modeCheats
Victory
Defeat
🇨🇳 Bulgarians · China
1312
+10
🇭🇰 Poles · Hong Kong SAR China
1300
+11
🇨🇳 Spanish · China
1063
+20
🇨🇳 Persians · China
1056
+22
🇨🇭 Persians · Switzerland
1203
-17
🇪🇸 Lithuanians · Spain
1179
-16
🇫🇮 Britons · Finland
1163
-15
🇺🇸 Malians · United States
1150
-15
kingike14
10:47 Feudal Age
11:50 Double-Bit Axe
14:59 Castle Age
13:30 Horse Collar
16:27 Wheelbarrow
20:01 Wheelbarrow
26:38 Loom
29:47 Fletching
33:43 Hand Cart
34:18 Scale Mail Armor
Dvu
10:40 Feudal Age
10:14 Loom
14:57 Castle Age
14:23 Double-Bit Axe
14:21 Horse Collar
14:35 Gold Mining
20:29 Scale Barding Armor
21:25 Bloodlines
23:08 Husbandry
25:38 Scale Mail Armor
27:50 Wheelbarrow
35:13 Hand Cart
37:50 Imperial Age
36:55 Squires
38:04 Fletching
38:43 Man-at-Arms
40:15 Bodkin Arrow
40:07 Long Swordsman
41:50 Gambesons
buua
10:15 Feudal Age
12:06 Loom
12:49 Loom
16:15 Castle Age
14:32 Double-Bit Axe
15:20 Horse Collar
18:31 Wheelbarrow
17:44 Loom
18:32 Bow Saw
22:34 Gold Mining
25:46 Crossbowman
26:22 Fletching
28:10 Gold Shaft Mining
28:01 Bodkin Arrow
29:04 Ballistics
29:51 Hand Cart
29:58 Padded Archer Armor
29:51 Treadmill Crane
30:22 Masonry
30:09 Stone Mining
33:32 Imperial Age
32:10 Yeomen
33:20 Town Watch
33:54 Murder Holes
35:15 Chemistry
34:21 Bracer
34:43 Conscription
33:50 Arbalester
37:37 Two-Man Saw
37:29 Architecture
38:15 Warwolf
38:25 Elite Longbowman
40:41 Leather Archer Armor
42:07 Man-at-Arms
42:10 Pikeman
42:55 Scale Mail Armor
42:50 Halberdier
44:03 Ring Archer Armor
43:51 Chain Mail Armor
44:42 Forging
Hillary Clinton
10:52 Feudal Age
16:49 Castle Age
15:09 Horse Collar
15:21 Double-Bit Axe
18:36 Scale Barding Armor
21:16 Loom
28:56 Imperial Age
27:32 Scale Barding Armor
28:30 Scale Barding Armor
29:07 Town Watch
29:59 Wheelbarrow
30:12 Forging
31:13 Chain Barding Armor
30:46 Gold Mining
32:13 Bloodlines
32:04 Husbandry
32:44 Plate Barding Armor
32:57 Elite Leitis
33:59 Conscription
37:35 Iron Casting
子厚
10:10 Feudal Age
9:26 Loom
10:53 Double-Bit Axe
11:40 Horse Collar
16:23 Castle Age
15:11 Stone Mining
15:40 Gold Mining
15:59 Padded Archer Armor
16:05 Scale Barding Armor
17:21 Heavy Plow
17:37 Padded Archer Armor
19:21 Chain Barding Armor
23:54 Inquisition
26:22 Bow Saw
27:44 Bloodlines
28:00 Sanctity
27:52 Redemption
27:52 Fervor
29:13 Fletching
36:02 Imperial Age
35:20 Stone Shaft Mining
35:32 Leather Archer Armor
35:12 Bodkin Arrow
35:47 Husbandry
37:02 Wheelbarrow
36:14 Town Watch
37:06 Block Printing
36:54 Husbandry
37:49 Forging
41:47 Plate Barding Armor
42:03 Cavalier
43:45 Supremacy
46:31 Iron Casting
46:52 Conscription
子薄
11:00 Feudal Age
10:53 Loom
11:40 Double-Bit Axe
16:16 Castle Age
14:40 Horse Collar
22:25 Wheelbarrow
22:39 Bow Saw
23:56 Heavy Plow
33:58 Imperial Age
31:46 Hand Cart
31:38 Gold Mining
35:59 Gold Shaft Mining
35:15 Stone Mining
35:22 Stone Mining
35:29 Stone Mining
36:44 Two-Man Saw
36:13 Elite War Elephant
37:39 Conscription
38:56 Scale Barding Armor
39:02 Forging
39:08 Bloodlines
38:59 Husbandry
40:55 Chain Barding Armor
41:10 Iron Casting
42:14 Plate Barding Armor
45:09 Blast Furnace
_TY_梦涯
10:46 Feudal Age
11:46 Double-Bit Axe
15:10 Castle Age
13:41 Horse Collar
15:47 Wheelbarrow
16:14 Bow Saw
16:06 Heavy Plow
29:03 Imperial Age
26:42 Scale Mail Armor
26:52 Forging
26:16 Pikeman
26:56 Squires
26:42 Gambesons
26:42 Arson
27:03 Gold Mining
27:05 Stone Mining
27:39 Chain Mail Armor
28:48 Iron Casting
29:09 Hand Cart
28:39 Loom
28:39 Town Watch
29:13 Capped Ram
30:16 Halberdier
30:47 Siege Ram
32:31 Crop Rotation
33:23 Blast Furnace
32:53 Plate Mail Armor
33:19 Plate Mail Armor
34:00 Conscription
39:42 Bagains
42:45 Siege Engineers
43:42 Chemistry
42:37 Murder Holes
42:53 Masonry
_TY_Power
11:04 Feudal Age
14:55 Castle Age
13:22 Double-Bit Axe
13:38 Horse Collar
16:21 Coinage
31:32 Loom
Connection lost

Rejoining the realm…

Still unreachable

The connection could not be restored.

Session expired

The server has moved on; the page needs a fresh start.